 Dungeon Crawl Stone Soup version 0.25-a0-591-g2ad0d861f1 (webtiles) character file.

Game seed: 3288963058111404975, levelgen mode: deterministic

926 Lauz the Spear-Bearer (level 8, -1/90 HPs)
             Began as a Merfolk Gladiator on Mar 14, 2020.
             Slain by Prince Ribbit (8 damage)
             ... on level 7 of the Dungeon.
             The game lasted 00:22:02 (5783 turns).

Lauz the Spear-Bearer (Merfolk Gladiator)           Turns: 5783, Time: 00:22:03

Health: -1/90      AC:  9    Str: 16    XL:     8   Next: 10%
Magic:  8/8        EV: 12    Int:  8    God:
Gold:   214        SH:  0    Dex: 13    Spells: 7/7 levels left

rFire    + . .     SeeInvis .   a - +0 trident
rCold    . . .     Gourm    .   (no shield)
rNeg     . . .     Faith    .   g - +2 scale mail {rF+}
rPois    .         Spirit   .   c - +0 helmet
rElec    .         Reflect  .   (no cloak)
rCorr    .         Harm     .   (no gloves)
MR       +....                  (no boots)
Stlth    ..........             (no amulet)
HPRegen  0.25/turn              B - ring of protection from magic
MPRegen  0.11/turn              p - -2 ring of dexterity (curse)

@: berserking, very quick
A: change form in water, swift swim, stealthy swim
a: no special abilities


You were on level 7 of the Dungeon.
You were not hungry.

You visited 1 branch of the dungeon, and saw 8 of its levels.

You collected 214 gold pieces.

Inventory:

Hand Weapons
 a - a +0 trident (weapon)
 v - a +1 glaive
Missiles
 d - 3 throwing nets (quivered)
 x - 8 javelins
Armour
 b - a +0 leather armour
 c - a +0 helmet (worn)
 g - a +2 scale mail of fire resistance (worn)
 h - a +0 leather armour of cold resistance
Jewellery
 n - an uncursed ring of fire
 p - a cursed -2 ring of dexterity (right hand)
 t - an uncursed ring of positive energy {unknown}
 B - a ring of protection from magic (left hand)
Wands
 s - a wand of disintegration (19)
 w - a wand of iceblast (16)
 A - a wand of scattershot (6)
Scrolls
 o - 2 scrolls of teleportation
 r - a scroll of enchant weapon
 u - 6 scrolls of identify
 y - a scroll of amnesia
Potions
 e - 2 potions of haste {unknown}
 j - a potion of might {unknown}
 k - 2 potions of ambrosia {unknown}
 l - 2 potions of berserk rage
 m - a potion of curing
 q - a potion of stabbing {unknown}
 z - 3 potions of flight {unknown}
Comestibles
 f - 7 rations


   Skills:
 + Level 4.0 Fighting
 * Level 10.9 Polearms
 - Level 2.0 Throwing
 + Level 2.0 Armour
 * Level 5.8 Dodging


You had 7 spell levels left.
You didn't know any spells.
Your spell library was empty.

Dungeon Overview and Level Annotations

Branches:
Dungeon (8/15)             Temple (0/1) D:6
   Lair: D:8-11

Altars:
Ru
Vehumet

Shops:
D:7 :

Annotations:
D:5 1 runed translucent door, Amnesiac's ghost, novice SpCK
D:7 Prince Ribbit


Message History

Found two stone staircases leading down.
There is a stone staircase leading up here.
You climb upwards.
Level annotation: Prince Ribbit Prince Ribbit barely misses you.
Prince Ribbit misses you.
There is a stone staircase leading down, spattered with blood here.
Prince Ribbit hops awkwardly around.
Prince Ribbit blinks!
Prince Ribbit blinks!
You closely miss Prince Ribbit.
Prince Ribbit is heavily wounded.
Prince Ribbit misses you.
All of the chunks of flesh in your inventory have rotted away.
Prince Ribbit hits you!
* * * LOW HITPOINT WARNING * * *
Okay, then.
It was a potion of berserk rage.
A red film seems to cover your vision as you go berserk!
You feel yourself moving faster!
You feel mighty! Prince Ribbit hits you!
You die...

#.#######.##,,.......
#.......[.<#**######.
#......##).##########
#.####.##..##........
#F# #.##..##.###.###
#.# #.##......F..#
#.# #.###.##.#####
#.####........#
#...@F.....####
############


You could see Prince Ribbit.

Vanquished Creatures
  Menkaure (D:5)
  A scorpion (D:5)
  3 howler monkeys
  A crimson imp (D:5)
  3 orc priests
  4 orc wizards
  2 iguanas
  Ijyb (D:4)
  Terence (D:2)
  3 worker ants
  A hound zombie (D:5)
  A howler monkey skeleton (D:4)
  8 adders
  An ooze (D:1)
  An adder skeleton (D:4)
  3 worms
  A dart slug (D:3)
  2 leopard geckos
  22 orcs
  7 giant cockroaches
  5 goblins
  15 hobgoblins
  13 jackals
  5 kobolds
  A quokka (D:2)
  9 bats
  5 frilled lizards
  12 rats
132 creatures vanquished.

Notes
Turn   | Place    | Note
-------+----------+-------------------------------------------
     0 | D:1      | Lauz the Merfolk Gladiator began the quest for the Orb.
     0 | D:1      | Reached XP level 1. HP: 16/16 MP: 1/1
   143 | D:1      | Reached XP level 2. HP: 22/22 MP: 2/2
   204 | D:1      | Reached skill level 5 in Polearms
   357 | D:1      | Reached XP level 3. HP: 23/27 MP: 3/3
   771 | D:2      | Reached skill level 6 in Polearms
   821 | D:2      | Reached XP level 4. HP: 34/34 MP: 4/4
  1369 | D:2      | Noticed Terence
  1397 | D:2      | Killed Terence
  1397 | D:2      | Reached skill level 7 in Polearms
  1397 | D:2      | Reached XP level 5. HP: 30/39 MP: 5/5
  2324 | D:3      | Reached skill level 8 in Polearms
  2561 | D:3      | Found a radiant altar of Vehumet.
  2581 | D:3      | Reached XP level 6. HP: 13/46 MP: 6/6
  2593 | D:3      | Reached skill level 5 in Dodging
  3171 | D:4      | Noticed Ijyb
  3189 | D:4      | Killed Ijyb
  3479 | D:4      | Reached skill level 9 in Polearms
  3479 | D:4      | Reached skill level 1 in Armour
  3605 | D:4      | Noticed Menkaure
  3624 | D:5      | Entered Level 5 of the Dungeon
  3936 | D:5      | Reached XP level 7. HP: 47/52 MP: 7/7
  4004 | D:5      | Found a runed translucent door.
  4011 | D:5      | Noticed Amnesiac's ghost (novice SpCK)
  4377 | D:5      | Reached skill level 10 in Polearms
  4902 | D:5      | Killed Menkaure
  5254 | D:4      | Found a sacrificial altar of Ru.
  5391 | D:4      | You fall into a shaft and drop 3 floors!
  5446 | D:7      | Found Doella's Book Shop.
  5472 | D:7      | Reached XP level 8. HP: 47/60 MP: 8/8
  5682 | D:6      | Found a staircase to the Ecumenical Temple.
  5726 | D:7      | Noticed Prince Ribbit
  5783 | D:7      | Slain by Prince Ribbit

Levels and vault maps discovered:
D:1:      dpeg_arrival_ternary, layout_loops_ring
D:2:      layout_basic, grunt_ministairs_4, uniq_terence
D:3:      layout_loops_ring, vehumet_crystals
D:4:      layout_layer_cave, nicolae_ru_sacrificial_ziggurat, first_ration,
          uniq_ijyb, uniq_blork_the_orc, uniq_menkaure
D:5:      layout_layer_cave, ebering_ghost_reflecting_pool
D:6:      layout_loops_ring, grunt_temple_overflow_open,
          minmay_temple_entry_trees, biasface_ghost_orc_armoury,
          chequers_serial_rivers_small_b, grunt_dithmenos_shadows, uniq_pikel
D:7:      layout_loops_ring, minitemple, serial_shops,
          nicolae_shop_competitors_out_of_business, uniq_prince_ribbit1,
          uniq_duvessa
D:8:      layout_cave_pools, minmay_lair_entry_grove, serial_shops,
          nicolae_shop_stone, enter_bailey_1, uniq_joseph

Skill      XL: |  1  2  3  4  5  6  7  8 |
---------------+-------------------------+-----
Polearms       | 5 6 7 8 9 10 | 10.9
Dodging        | 5 |  5.8
Fighting       | 3 4 |  4.0
Armour         | 1 2 |  2.0
Throwing       | |  2.0

Action                   |  1- 3 |  4- 6 |  7- 9 || total
-------------------------+-------+-------+-------++-------
Melee: Trident           |    73 |   241 |   162 ||   476
       Glaive            |       |    79 |       ||    79
  Use: Scroll            |       |     1 |     6 ||     7
       Potion            |       |       |     3 ||     3
 Stab: Sleeping          |     3 |     1 |       ||     4
  Eat: Chunk             |       |     9 |     7 ||    16
Armor: Leather armour    |     7 |    13 |       ||    20
       Scale mail        |       |    68 |    43 ||   111
Dodge: Dodged            |    26 |   123 |    65 ||   214

Table legend:
 A = Non-vault XP
 B = Vault XP
 C = Vault XP percentage of total XP
 D = Non-vault monster count
 E = Vault monster count
 F = Vault count percentage of total count
                 A         B        C        D         E       F
            +---------+---------+-------+---------+---------+-------
      Total |    1077 |     247 |  18.7 |     127 |       5 |   3.8
            +---------+---------+-------+---------+---------+-------
        D:1 |      44 |       0 |   0.0 |      22 |       0 |   0.0
        D:2 |      97 |      39 |  28.7 |      25 |       3 |  10.7
        D:3 |     226 |       0 |   0.0 |      37 |       0 |   0.0
        D:4 |     124 |      36 |  22.5 |      10 |       1 |   9.1
        D:5 |     400 |     172 |  30.1 |      21 |       1 |   4.5
        D:6 |       6 |       0 |   0.0 |       2 |       0 |   0.0
        D:7 |     180 |       0 |   0.0 |      10 |       0 |   0.0
            +---------+---------+-------+---------+---------+-------
